| TOP OF THE 1ST |
|
Brockton Rox batting - Pitching for York Revolution : LHP Dave Serna
|
|
Pitching: LHP Dave Serna
|
|
|
Batting: LHB Eric Gaugler
|
0-0: Called Strike 0-1: Ground out 1-3 (Groundball, 13S, EV 71.2 MPH)
|
|
Batting: RHB Panam Palmer
|
0-0: Called Strike 0-1: Ball 1-1: Fly out, F8 (Line Drive, 78M, EV 93.1 MPH)
|
|
Batting: RHB Bob Reichley
|
0-0: Ball 1-0: Called Strike 1-1: Ball 2-1: Ball 3-1: Called Strike 3-2: Foul Ball, location: 2F 3-2: Fly out, F8 (Flyball, 8RXD, EV 93.8 MPH)
|
| Top of the 1st over - 0 runs, 0 hits, 0 errors, 0 left on base; Brockton 0 - York 0 |
| BOTTOM OF THE 1ST |
|
York Revolution batting - Pitching for Brockton Rox : RHP Wayne Whimster
|
|
Pitching: RHP Wayne Whimster
|
|
|
Batting: LHB Mike Hawk
|
0-0: Ball 1-0: Fly out, F8 (Flyball, 8LXD, EV 101.9 MPH)
|
|
Batting: RHB Teh-huai Jiang
|
0-0: Ball 1-0: Ball 2-0: Ball 3-0: Base on Balls
|
|
Batting: RHB Eddie Serna
|
0-0: Called Strike 0-1: Fly out, F9 (Line Drive, 9LM, EV 100.0 MPH)
|
|
Batting: LHB Dennis French
|
0-0: Swinging Strike 0-1: Ball 1-1: Ball 2-1: Ball 3-1: Called Strike 3-2: Base on Balls Teh-huai Jiang to second
|
|
Batting: RHB Dan Shaffer
|
0-0: Ball 1-0: Ball 2-0: Foul Ball, location: 2F 2-1: Ball 3-1: Base on Balls Teh-huai Jiang to third Dennis French to second
|
|
Batting: LHB Jason Duda
|
0-0: Ball 1-0: Ball 2-0: Foul Ball, location: 2F 2-1: Foul Ball, location: 2F 2-2: Foul Ball, location: 2F 2-2: Fielders Choice at 2nd, 5-4 (Groundball, 56, EV 98.8 MPH)
|
| Bottom of the 1st over - 0 runs, 0 hits, 0 errors, 3 left on base; Brockton 0 - York 0 |
| TOP OF THE 2ND |
|
Brockton Rox batting - Pitching for York Revolution : LHP Dave Serna
|
|
Batting: RHB Luis Nino
|
0-0: Ball 1-0: Called Strike 1-1: Fly out, F6 (Popup, 6M, EV 62.5 MPH)
|
|
Batting: RHB Joe Lewis
|
0-0: Ball 1-0: Called Strike 1-1: Foul Ball, location: 2F 1-2: Ball 2-2: Strikes out swinging
|
|
Batting: LHB Alexis Toxqui
|
0-0: Ball 1-0: Ball 2-0: Ball 3-0: Called Strike 3-1: Base on Balls
|
|
Batting: RHB Rob Romero
|
0-0: Swinging Strike 0-1: Ball 1-1: Swinging Strike 1-2: Foul Ball, location: 2F 1-2: Strikes out swinging
|
| Top of the 2nd over - 0 runs, 0 hits, 0 errors, 1 left on base; Brockton 0 - York 0 |
| BOTTOM OF THE 2ND |
|
York Revolution batting - Pitching for Brockton Rox : RHP Wayne Whimster
|
|
Batting: LHB Jessie Whedbee
|
0-0: Called Strike 0-1: Foul Ball, location: 2F 0-2: Foul Ball, location: 2F 0-2: Ball 1-2: Ball 2-2: Ball 3-2: SOLO HOME RUN (Flyball, 89XD, EV 100.0 MPH), Distance : 416 ft
|
|
Batting: LHB Bryant Dill
|
0-0: Ball 1-0: Called Strike 1-1: Ball 2-1: Called Strike 2-2: Fly out, F9 (Flyball, 9D, EV 99.4 MPH)
|
|
Batting: LHB Quincy Smart
|
0-0: Called Strike 0-1: Ball 1-1: Ball 2-1: Ball 3-1: Fly out, F7 (Flyball, 7, EV 86.2 MPH)
|
|
Batting: LHB Mike Hawk
|
0-0: Called Strike 0-1: Ball 1-1: Called Strike 1-2: Strikes out swinging
|
| Bottom of the 2nd over - 1 run, 1 hit, 0 errors, 0 left on base; Brockton 0 - York 1 |
| TOP OF THE 3RD |
|
Brockton Rox batting - Pitching for York Revolution : LHP Dave Serna
|
|
Batting: RHB Wayne Whimster
|
0-0: Foul Ball, location: 2F 0-1: Ball 1-1: SINGLE (Groundball, 56D, EV 100.6 MPH)
|
|
Batting: LHB Darby Starburster
|
0-0: Called Strike 0-1: Ball 1-1: Foul Ball, location: 2F 1-2: Strikes out swinging
|
|
Batting: LHB Eric Gaugler
|
0-0: Called Strike 0-1: Fielders Choice at 2nd, 1-4 (Groundball, 15S, EV 68.8 MPH)
|
|
Batting: RHB Panam Palmer
|
0-0: Ball Eric Gaugler is caught stealing 2nd base 2-4
|
| Top of the 3rd over - 0 runs, 1 hit, 0 errors, 0 left on base; Brockton 0 - York 1 |
| BOTTOM OF THE 3RD |
|
York Revolution batting - Pitching for Brockton Rox : RHP Wayne Whimster
|
|
Batting: RHB Teh-huai Jiang
|
0-0: Ball 1-0: Ground out 6-3 (Groundball, 6, EV 80.0 MPH)
|
|
Batting: RHB Eddie Serna
|
0-0: Ball 1-0: Swinging Strike 1-1: Swinging Strike 1-2: Strikes out swinging
|
|
Batting: LHB Dennis French
|
0-0: Called Strike 0-1: Foul Ball, location: 2F 0-2: Ball 1-2: Foul Ball, location: 2F 1-2: DOUBLE (Line Drive, 7LS, EV 100.0 MPH)
|
|
Batting: RHB Dan Shaffer
|
0-0: Ball 1-0: Ball 2-0: Ball 3-0: Called Strike 3-1: Foul Ball, location: 2F 3-2: Foul Ball, location: 2F 3-2: Foul Ball, location: 2F 3-2: Base on Balls
|
|
Batting: LHB Jason Duda
|
0-0: Foul Ball, location: 2F 0-1: SINGLE (Line Drive, 56D, EV 100.0 MPH) Dennis French to third Dan Shaffer to second Runner from 3rd tries for Home, SAFE, throw by LF to home
|
|
Batting: LHB Jessie Whedbee
|
0-0: Called Strike 0-1: Ball 1-1: Called Strike 1-2: Foul Ball, location: 2F 1-2: SINGLE (Groundball, 34D, EV 98.1 MPH) Dan Shaffer to third Jason Duda to second Runner from 3rd tries for Home, throw by RF and OUT! 9-2
|
| Bottom of the 3rd over - 1 run, 3 hits, 0 errors, 2 left on base; Brockton 0 - York 2 |
| TOP OF THE 4TH |
|
Brockton Rox batting - Pitching for York Revolution : LHP Dave Serna
|
|
Batting: RHB Panam Palmer
|
0-0: Called Strike 0-1: Ball 1-1: Ball 2-1: Swinging Strike 2-2: Strikes out looking
|
|
Batting: RHB Bob Reichley
|
0-0: Fly out, F7 (Flyball, 7D, EV 96.9 MPH)
|
|
Batting: RHB Luis Nino
|
0-0: Called Strike 0-1: Called Strike 0-2: Ball 1-2: Ball 2-2: Foul Ball, location: 2F 2-2: Ball 3-2: Fly out, F9 (Flyball, 9D, EV 99.4 MPH)
|
| Top of the 4th over - 0 runs, 0 hits, 0 errors, 0 left on base; Brockton 0 - York 2 |
| BOTTOM OF THE 4TH |
|
York Revolution batting - Pitching for Brockton Rox : RHP Wayne Whimster
|
|
Batting: LHB Bryant Dill
|
0-0: Ball 1-0: Foul Ball, location: 2F 1-1: Foul Ball, location: 2F 1-2: Ball 2-2: Foul Ball, location: 2F 2-2: Ball 3-2: Foul Ball, location: 2F 3-2: Foul Ball, location: 2F 3-2: Fly out, F8 (Flyball, 78M, EV 83.1 MPH)
|
|
Batting: LHB Quincy Smart
|
0-0: Called Strike 0-1: Ball 1-1: Called Strike 1-2: Ball 2-2: Strikes out swinging
|
|
Batting: LHB Mike Hawk
|
0-0: Foul Ball, location: 2F 0-1: Swinging Strike 0-2: Strikes out looking
|
| Bottom of the 4th over - 0 runs, 0 hits, 0 errors, 0 left on base; Brockton 0 - York 2 |
| TOP OF THE 5TH |
|
Brockton Rox batting - Pitching for York Revolution : LHP Dave Serna
|
|
Batting: RHB Joe Lewis
|
0-0: Ball 1-0: Called Strike 1-1: Called Strike 1-2: Ground out 6-3 (Groundball, 6, EV 100.6 MPH)
|
|
Batting: LHB Alexis Toxqui
|
0-0: Called Strike 0-1: Foul Ball, location: 2F 0-2: Ball 1-2: Fly out, F7 (Flyball, 7, EV 92.5 MPH)
|
|
Batting: RHB Rob Romero
|
0-0: Ball 1-0: Ground out U3 (Groundball, 34, EV 93.1 MPH)
|
| Top of the 5th over - 0 runs, 0 hits, 0 errors, 0 left on base; Brockton 0 - York 2 |
| BOTTOM OF THE 5TH |
|
York Revolution batting - Pitching for Brockton Rox : RHP Wayne Whimster
|
|
Batting: RHB Teh-huai Jiang
|
0-0: Swinging Strike 0-1: Foul Ball, location: 2F 0-2: Ball 1-2: Foul Ball, location: 2F 1-2: Ball 2-2: Foul Ball, location: 2F 2-2: Ball 3-2: Base on Balls
|
|
Batting: RHB Eddie Serna
|
0-0: Ball 1-0: Called Strike 1-1: Foul Ball, location: 2F 1-2: Strikes out swinging
|
|
Batting: LHB Dennis French
|
0-0: Ball 1-0: Ball 2-0: Called Strike 2-1: Ball 3-1: Base on Balls Teh-huai Jiang to second
|
|
Pitching: LHP Bob Strachan
|
|
|
Batting: RHB Dan Shaffer
|
0-0: Ball 1-0: Foul Ball, location: 2F 1-1: Called Strike 1-2: Foul Ball, location: 2F 1-2: Foul Ball, location: 2F 1-2: SINGLE (Groundball, 56D, EV 103.1 MPH) Teh-huai Jiang to third Dennis French to second Runner from 3rd tries for Home, throw by LF and OUT! 7-2 Dennis French to third Dan Shaffer to second
|
|
Batting: LHB Jason Duda
|
0-0: Called Strike 0-1: Called Strike 0-2: Ball 1-2: Foul Ball, location: 2F 1-2: Strikes out swinging
|
| Bottom of the 5th over - 0 runs, 1 hit, 0 errors, 2 left on base; Brockton 0 - York 2 |
| TOP OF THE 6TH |
|
Brockton Rox batting - Pitching for York Revolution : LHP Dave Serna
|
|
Batting: RHB Wayne Whimster
|
0-0: Ball 1-0: Called Strike 1-1: Ball 2-1: Swinging Strike 2-2: Foul Ball, location: 2F 2-2: Foul Ball, location: 2F 2-2: Foul Ball, location: 2F 2-2: Ball 3-2: Foul Ball, location: 2F 3-2: Strikes out swinging
|
|
Batting: LHB Darby Starburster
|
0-0: Ball 1-0: Swinging Strike 1-1: Foul Ball, location: 2F 1-2: Ball 2-2: Strikes out swinging
|
|
Batting: LHB Eric Gaugler
|
0-0: Ball 1-0: Swinging Strike 1-1: Ball 2-1: Ground out 6-3 (Groundball, 4M, EV 93.8 MPH)
|
| Top of the 6th over - 0 runs, 0 hits, 0 errors, 0 left on base; Brockton 0 - York 2 |
| BOTTOM OF THE 6TH |
|
York Revolution batting - Pitching for Brockton Rox : LHP Bob Strachan
|
|
Batting: LHB Jessie Whedbee
|
0-0: Called Strike 0-1: Foul Ball, location: 2F 0-2: Foul Ball, location: 2F 0-2: Strikes out swinging
|
|
Batting: LHB Bryant Dill
|
0-0: Called Strike 0-1: Ball 1-1: Ball 2-1: SOLO HOME RUN (Flyball, 89XD, EV 96.9 MPH), Distance : 380 ft
|
|
Batting: LHB Quincy Smart
|
0-0: Called Strike 0-1: Ball 1-1: Ball 2-1: Called Strike 2-2: Foul Ball, location: 2F 2-2: Strikes out swinging
|
|
Batting: LHB Mike Hawk
|
0-0: Swinging Strike 0-1: Foul Ball, location: 2F 0-2: Foul Ball, location: 2F 0-2: Foul Ball, location: 2F 0-2: Ball 1-2: Ball 2-2: Strikes out swinging
|
| Bottom of the 6th over - 1 run, 1 hit, 0 errors, 0 left on base; Brockton 0 - York 3 |
| TOP OF THE 7TH |
|
Brockton Rox batting - Pitching for York Revolution : LHP Dave Serna
|
|
Pitching: RHP John Kerfoot
|
|
|
Pinch Hitting: RHB Matt Walker
|
0-0: SINGLE (Line Drive, 6D, EV 100.0 MPH)
|
|
Batting: RHB Bob Reichley
|
0-0: Called Strike 0-1: Swinging Strike 0-2: Strikes out swinging
|
|
Batting: RHB Luis Nino
|
0-0: Called Strike 0-1: Swinging Strike 0-2: Ball 1-2: Ball 2-2: Strikes out looking
|
|
Batting: RHB Joe Lewis
|
0-0: Called Strike 0-1: Ball 1-1: Ball 2-1: Called Strike 2-2: Foul Ball, location: 2F 2-2: Foul Ball, location: 2F 2-2: Strikes out swinging
|
| Top of the 7th over - 0 runs, 1 hit, 0 errors, 1 left on base; Brockton 0 - York 3 |
| BOTTOM OF THE 7TH |
|
York Revolution batting - Pitching for Brockton Rox : LHP Bob Strachan
|
|
Now in RF: Isaiah Spitzbarth
|
|
|
Batting: RHB Teh-huai Jiang
|
0-0: Foul Ball, location: 2F 0-1: Ball 1-1: Ball 2-1: Foul Ball, location: 2F 2-2: Ball 3-2: Fly out, F9 (Flyball, 9D, EV 94.4 MPH)
|
|
Batting: RHB Eddie Serna
|
0-0: Ball 1-0: Ball 2-0: Foul Ball, location: 2F 2-1: Swinging Strike 2-2: Strikes out swinging
|
|
Batting: LHB Dennis French
|
0-0: SINGLE (Line Drive, 4M, EV 97.5 MPH)
|
|
Pitching: RHP Steve Seaman
|
|
|
Batting: RHB Dan Shaffer
|
0-0: Called Strike 0-1: Ball 1-1: Swinging Strike 1-2: Strikes out swinging
|
| Bottom of the 7th over - 0 runs, 1 hit, 0 errors, 1 left on base; Brockton 0 - York 3 |
| TOP OF THE 8TH |
|
Brockton Rox batting - Pitching for York Revolution : RHP John Kerfoot
|
|
Batting: LHB Alexis Toxqui
|
0-0: SINGLE (Groundball, 34D, EV 101.2 MPH)
|
|
Batting: RHB Rob Romero
|
0-0: Ball 1-0: Grounds into double play, 5-4-3 (Groundball, 56, EV 85.0 MPH)
|
|
Batting: SHB Jose Santiago
|
0-0: Ball 1-0: Foul Ball, location: 2F 1-1: Ball 2-1: Ball 3-1: Base on Balls
|
|
Batting: LHB Darby Starburster
|
0-0: Foul Ball, location: 2F 0-1: Called Strike 0-2: Ball 1-2: Foul Ball, location: 2F 1-2: Foul Ball, location: 2F 1-2: Strikes out swinging
|
| Top of the 8th over - 0 runs, 1 hit, 0 errors, 1 left on base; Brockton 0 - York 3 |
| BOTTOM OF THE 8TH |
|
York Revolution batting - Pitching for Brockton Rox : RHP Steve Seaman
|
|
Batting: LHB Jason Duda
|
0-0: Ball 1-0: Ball 2-0: Called Strike 2-1: Ball 3-1: Foul Ball, location: 2F 3-2: SOLO HOME RUN (Flyball, 89XD, EV 109.4 MPH), Distance : 419 ft
|
|
Batting: LHB Jessie Whedbee
|
0-0: Foul Ball, location: 2F 0-1: Ball 1-1: Foul Ball, location: 2F 1-2: Foul Ball, location: 2F 1-2: Ball 2-2: Foul Ball, location: 2F 2-2: Ball 3-2: Ground out 5-3 (Groundball, 6S, EV 84.4 MPH)
|
|
Batting: LHB Bryant Dill
|
0-0: Ball 1-0: Called Strike 1-1: Called Strike 1-2: Foul Ball, location: 2F 1-2: Foul Ball, location: 2F 1-2: Foul Ball, location: 2F 1-2: Ball 2-2: Ball 3-2: Fly out, F4 (Popup, 4, EV 53.8 MPH)
|
|
Batting: LHB Quincy Smart
|
0-0: Foul Ball, location: 2F 0-1: Swinging Strike 0-2: Ball 1-2: Ball 2-2: Strikes out looking
|
| Bottom of the 8th over - 1 run, 1 hit, 0 errors, 0 left on base; Brockton 0 - York 4 |
| TOP OF THE 9TH |
|
Brockton Rox batting - Pitching for York Revolution : RHP John Kerfoot
|
|
Batting: LHB Eric Gaugler
|
0-0: Swinging Strike 0-1: Swinging Strike 0-2: Strikes out looking
|
|
Pinch Hitting: RHB Ryan Davis
|
0-0: Ball 1-0: Swinging Strike 1-1: Swinging Strike 1-2: Strikes out swinging
|
|
Batting: RHB Bob Reichley
|
0-0: Ball 1-0: Called Strike 1-1: Foul Ball, location: 2F 1-2: Ball 2-2: Foul Ball, location: 2F 2-2: Strikes out swinging
|
| Top of the 9th over - 0 runs, 0 hits, 0 errors, 0 left on base; Brockton 0 - York 4 |
|